 Dungeon Crawl Stone Soup version 0.29.1-12-g30fa7ad0bf (webtiles) character file.

Game seed: 647773008286792804

924 retardedninja the Cleaver (level 8, -3/68 HPs)
             Began as a Hill Orc Fighter on Dec 12, 2022.
             Killed by divine providence
             ... invoked by an orc priest
              (12 damage)
             ... on level 6 of the Dungeon.
             The game lasted 00:06:50 (5154 turns).

retardedninja the Cleaver (Hill Orc Fighter)        Turns: 5154, Time: 00:06:50

Health: -3/68      AC: 11    Str: 21    XL:     8   Next: 10%
Magic:  8/8        EV:  7    Int:  8    God:
Gold:   239        SH:  0    Dex: 10    Spells: 7/7 levels left

rFire   . . .      SeeInvis .   a - +0 war axe
rCold   . . .      Faith    .   c - +0 buckler
rNeg    . . .      Spirit   .   w - +0 chain mail
rPois   .          Reflect  .   (no helmet)
rElec   .          Harm     .   (no cloak)
rCorr   .          Rampage  .   (no gloves)
Will    .....                   q - +0 pair of boots
Stlth   ..........              (no amulet)
HPRegen 0.21/turn               (no ring)
MPRegen 0.11/turn               (no ring)

@: confused, hasted, very quick
A: no striking features
a: Convert to Beogh


You were on level 6 of the Dungeon.
You visited 1 branch of the dungeon, and saw 6 of its levels.

You collected 239 gold pieces.

Inventory:

Hand Weapons
 a - a +0 war axe (weapon)
Missiles
 t - 2 javelins (quivered)
Armour
 c - a +0 buckler (worn)
 q - a +0 pair of boots (worn)
 w - a +0 chain mail (worn)
Jewellery
 f - a ring of flight
Wands
 i - a wand of roots (3)
 y - a wand of mindburst (13)
Scrolls
 b - a scroll of identify
 d - a scroll of magic mapping {unknown}
 g - a scroll of vulnerability {unknown}
 h - a scroll of enchant weapon {unknown}
 m - a scroll of silence {unknown}
 o - a scroll of torment {unknown}
 p - a scroll of fear {unknown}
 r - 2 scrolls of enchant armour {unknown}
 v - a scroll of immolation {unknown}
 x - 2 scrolls of teleportation {unknown}
Potions
 e - 3 potions of haste
 j - a potion of curing
 k - a potion of degeneration {unknown}
 l - 2 potions of brilliance
 n - a potion of flight {unknown}
 s - 3 potions of attraction {unknown}
 u - a potion of mutation {unknown}
 z - a potion of heal wounds {unknown}


   Skills:
 + Level 5.3 Fighting
 + Level 8.3 Axes
 + Level 0.3 Throwing
 + Level 6.2 Armour
 - Level 0.4 Dodging
 + Level 4.6 Shields


You had 7 spell levels left.
You didn't know any spells.
Your spell library contained the following spells:

 Spells                   Type           Power      Damage    Failure   Level
 Apportation              Tloc           0%         N/A       99%         1
 Necrotise                Necr           0%         1d4       99%         1
 Summon Small Mammal      Summ           0%         N/A       99%         1


Dungeon Overview and Level Annotations

Branches:
Dungeon (6/15)
 Temple: D:4-7

Altars:
Ashenzari
Fedhas
Nemelex Xobeh
Okawaru
Ru
Sif Muna
Vehumet
Xom
Yredelemnul

Shops:
D:4 !


Message History

You hit something but do no damage.
The orc priest threatens, "By the altar or by the axe, you will meet Beogh!"
Something hits you but does no damage.
You slash the ice beast!
The ice beast is heavily wounded.
You closely miss something.
The ice beast hits you but does no damage.
You slash the ice beast!
The ice beast is almost dead.
You closely miss the orc priest. You slash something!
The orc priest shouts, "Surrender to Beogh and we'll let you live!"
The ice beast closely misses you. Something hits you but does no damage.
The orc priest hits you but does no damage.
The orc priest threatens, "By the altar or by the axe, you will meet Beogh!"
Unknown command.
The orc priest shouts, "Surrender to Beogh and we'll let you live!"
You hit the ice beast but do no damage.
The ice beast is almost dead.
You slash the orc priest! You hit something but do no damage.
The ice beast hits you. The ice beast freezes you!
Something hits you but does no damage.
The orc priest calls down the wrath of Beogh upon you.
Beogh smites you!
* * * LOW HITPOINT WARNING * * *
You feel better.
The ice beast hits you but does no damage.
You hear some strange, mumbled words.
You are confused.
The orc priest hits you with a +0 club.
It was a potion of haste.
You feel yourself speed up. The ice beast hits you.
* * * LOW HITPOINT WARNING * * *
The ice beast freezes you!
* * * LOW HITPOINT WARNING * * *
Something hits you.
* * * LOW HITPOINT WARNING * * *
The orc priest hits you but does no damage.
The orc priest shouts, "Surrender to Beogh and we'll let you live!"
The orc priest mumbles some strange prayers to Beogh against you.
Beogh smites you!
You die...

......# .. .......###
..#.......#.#
#.#......... ..
#.....#.... .#
#....##... .# ..
###....##o)####.##...
#.......#).Y.....#<..
#...<...###@.........
##.......##.)).......
##........##<)........
#.....#...............
#.....##...#..........
#..........##...$.#...
###............##.....
#.............# ..##.
##........[#)## ##


You could see an ice beast and an orc priest.

Vanquished Creatures
  Menkaure (D:4)
  A black bear (D:5)
  An ogre (D:4)
  2 scorpions
  A howler monkey (D:4)
  2 hounds
  A jelly (D:5)
  2 orc priests (D:6)
  Jessica (D:2)
  2 iguanas (D:5)
  2 orc wizards
  6 adders
  A white imp (D:5)
  An ufetubus (D:5)
  2 adder zombies (D:4)
  2 worms
  5 dart slugs
  11 orcs
  6 endoplasms
  3 giant cockroaches (D:4)
  5 hobgoblins
  10 jackals
  8 kobolds
  A quokka (D:1)
  7 ball pythons
  8 bats
  2 frilled lizards (D:3)
  5 goblins
  5 rats
104 creatures vanquished.

Vanquished Creatures (others)
  A plant (D:3)
1 creature vanquished.

Grand Total: 105 creatures vanquished

Notes
Turn   | Place    | Note
-------+----------+-------------------------------------------
     0 | D:1      | retardedninja the Hill Orc Fighter began the quest for the
                  | Orb.
     0 | D:1      | Reached XP level 1. HP: 19/19 MP: 1/1
   317 | D:1      | Reached XP level 2. HP: 27/27 MP: 2/2
   378 | D:1      | Found a faded altar of an unknown god.
   412 | D:1      | Reached skill level 3 in Axes
   537 | D:1      | Reached XP level 3. HP: 32/33 MP: 3/3
   956 | D:2      | Noticed Jessica
   958 | D:2      | Killed Jessica
  1105 | D:2      | Reached XP level 4. HP: 34/40 MP: 4/4
  1165 | D:2      | Reached skill level 4 in Axes
  1813 | D:3      | Reached XP level 5. HP: 20/47 MP: 5/5
  2087 | D:3      | Reached skill level 5 in Axes
  2591 | D:4      | Noticed an ogre
  2597 | D:4      | Killed an ogre
  2598 | D:4      | Reached skill level 5 in Armour
  2598 | D:4      | Reached XP level 6. HP: 53/53 MP: 6/6
  2692 | D:4      | Found a sparkling altar of Nemelex Xobeh.
  2732 | D:4      | Found Usets's Distillery.
  2828 | D:4      | Reached skill level 6 in Axes
  3066 | D:4      | Noticed Menkaure
  3077 | D:4      | Killed Menkaure
  3078 | D:4      | Reached XP level 7. HP: 6/60 MP: 7/7
  3630 | D:4      | Reached skill level 5 in Fighting
  3632 | D:4      | Found a sacrificial altar of Ru.
  3643 | D:4      | Reached skill level 7 in Axes
  3791 | D:4      | Found a basalt altar of Yredelemnul.
  4088 | D:5      | Entered Level 5 of the Dungeon
  4094 | D:5      | Found an iron altar of Okawaru.
  4172 | D:5      | Found a shimmering blue altar of Sif Muna.
  4229 | D:5      | Found a blossoming altar of Fedhas.
  4376 | D:5      | Found a broken altar of Ashenzari.
  4557 | D:5      | Found a shimmering altar of Xom.
  4943 | D:5      | Reached skill level 8 in Axes
  5042 | D:5      | Found a radiant altar of Vehumet.
  5100 | D:6      | Reached XP level 8. HP: 68/68 MP: 8/8
  5154 | D:6      | Killed from afar by an orc priest

Illustrated notes

Levels and vault maps discovered:
D:1:      mrwooster_arrival_statue, layout_basic, ebering_ecumenical_altar_box,
          minmay_misc_feat_chi
D:2:      layout_loops_ring, chequers_serial_rivers_micro_e, uniq_jessica
D:3:      layout_basic, minmay_parallelograms, minmay_shallow_snake_nest
D:4:      layout_basic, nicolae_ru_great_annihilating_truth,
          mainiacjoe_overflow_cross_hatched, lemuel_zombie_altar_yredelemnul,
          serial_shops, nicolae_shop_waterfront, uniq_menkaure
D:5:      layout_loops_ring, mainiacjoe_overflow_surrounded_room,
          lemuel_coloured_pillars_altar, kennysheep_mini, led_sif_pool,
          lemuel_round_altar, okawaru_metal_pillars_1_2
D:6:      layout_cave_pools, mainiacjoe_overflow_catwalk_spiral,
          minmay_temple_entry_glassed_door

Skill      XL: |  1  2  3  4  5  6  7 |
---------------+----------------------+-----
Axes           | 3 4 5 6 8 |  8.3
Fighting       | 4 5 |  5.3
Armour         | 4 5 6 |  6.2
Shields        | 4 |  4.6
Throwing       | |  0.3
Dodging        | |  0.4

Action                   |  1- 3 |  4- 6 |  7- 9 || total
-------------------------+-------+-------+-------++-------
Melee: War axe           |    52 |   127 |   106 ||   285
Throw: Javelin           |       |     6 |       ||     6
  Use: Scroll            |       |     2 |       ||     2
       Potion            |       |     3 |     2 ||     5
 Stab: Paralysed         |       |       |     1 ||     1
Armor: Scale mail        |    26 |    93 |    17 ||   136
       Chain mail        |       |       |    46 ||    46
Dodge: Dodged            |    26 |    91 |    42 ||   159
Block: Buckler           |    13 |    37 |    22 ||    72
